 Dungeon Crawl Stone Soup version 0.27.0-1-g7a08968 (webtiles) character file.

Game seed: 13397220101226099573

49 Danakh the Magician (level 3, -9/26 HPs)
             Began as a Demonspawn Hedge Wizard on Dec 27, 2021.
             Was a Follower of Uskayaw.
             Mangled by an ogre (17 damage)
             ... on level 3 of the Dungeon.
             The game lasted 00:06:32 (2138 turns).

Danakh the Magician (Demonspawn Hedge Wizard)       Turns: 2138, Time: 00:06:33

Health: -9/26      AC:  4    Str: 10    XL:     3   Next: 51%
Magic:  4/7        EV: 12    Int: 16    God:    Uskayaw [*.....]
Gold:   42         SH:  0    Dex: 12    Spells: 2/8 levels left

rFire    . . .     SeeInvis .   a - +0 dagger
rCold    . . .     Faith    .   (no shield)
rNeg     . . .     Spirit   .   b - +0 robe
rPois    .         Reflect  .   c - +0 hat
rElec    .         Harm     .   (no cloak)
rCorr    .         Rampage  .   (no gloves)
Will     .....                  d - +1 pair of boots
Stlth    ++........             (no amulet)
HPRegen  0.08/turn              (no ring)
MPRegen  0.10/turn              (no ring)

@: no status effects
A: powered by pain 1
a: Renounce Religion, Stomp


You were on level 3 of the Dungeon.
You worshipped Uskayaw.
Uskayaw was noncommittal.
You visited 1 branch of the dungeon, and saw 3 of its levels.

You collected 42 gold pieces.

Inventory:

Hand Weapons
 a - a +0 dagger (weapon)
Armour
 b - a +0 robe (worn)
 c - a +0 hat (worn)
 d - a +1 pair of boots (worn)
Scrolls
 e - a scroll of teleportation {unknown}
 f - 7 scrolls of identify {unknown}
 h - 2 scrolls of fear {unknown}
 j - a scroll of silence {unknown}
Potions
 g - a potion of invisibility {unknown}
 i - a potion of curing {unknown}
 k - a potion of degeneration {unknown}
 l - a potion of haste {unknown}


   Skills:
 + Level 1.4 Fighting
 + Level 2.3 Dodging
 - Level 1.7 Stealth
 + Level 3.3 Spellcasting
 + Level 1.8 Conjurations
 - Level 1.0 Summonings
 - Level 0.8 Translocations


You had 2 spell levels left.
You knew the following spells:

 Your Spells              Type           Power      Damage    Failure   Level
a - Magic Dart            Conj           32%        1d4       9%          1
b - Blink                 Tloc           N/A        N/A       19%         2
c - Mephitic Cloud        Conj/Pois/Air  4%         N/A       38%         3

Your spell library contained the following spells:

 Spells                   Type           Power      Damage    Failure   Level
 Call Imp                 Summ           5%         N/A       19%         2
 Slow                     Hex            2%         N/A       26%         2
 Conjure Flame            Conj/Fire      5%         6-21      36%         3


Dungeon Overview and Level Annotations

Branches:
Dungeon (3/15)

Altars:
Uskayaw

Shops:
D:3 (


Innate Abilities, Weirdness & Mutations

You sometimes gain a little power by taking damage.


Message History

You barely miss the goblin.
The goblin is heavily wounded.
The goblin barely misses you. The goblin closely misses you.
You hit the goblin.
The goblin is severely wounded.
The goblin hits you with a +0 dagger of speed.
You hit the goblin but do no damage.
The goblin is severely wounded.
The goblin hits you with a +0 dagger of speed.
The goblin barely misses you.
You hit the goblin.
You kill the goblin!
Casting: Magic Dart (safe; 9% risk of failure)
Confirm with . or Enter, or press ? or * to list all spells.
The spell is extremely dangerous to cast (38% risk of failure)!
Continue anyway?
Aiming: Mephitic Cloud (extremely dangerous; 38% risk of failure)
Press: ? - help, Shift-Dir - straight line, f - goblin
Aim: a goblin, wielding a +0 club (chance to affect: 96%) That beam is likely to hit you.
Continue anyway?
The ball explodes into a vile cloud!
The stinking cloud engulfs the goblin but does no damage. x2
The stinking cloud engulfs you but does no damage.
The stinking cloud engulfs the goblin but does no damage.
The stinking cloud engulfs the ogre but does no damage.
The goblin is engulfed in noxious fumes.
The goblin appears confused.
The ogre is engulfed in noxious fumes.
You hit the goblin.
The goblin is severely wounded.
The goblin is engulfed in noxious fumes.
The goblin appears confused.
You kill the goblin!
The ogre is engulfed in noxious fumes.
You hit the ogre.
The ogre is lightly wounded.
The ogre is engulfed in noxious fumes.
The ogre appears confused.
You hit the ogre.
The ogre is moderately wounded.
The ogre hits you with a +0 giant spiked club!
Ouch! That really hurt!
You die...

##.....................
#....###.##.#.########
#.#.......#.#.####
#.........#.#....#
#.#....#.##.####.#
#.###....#... #.#
#........##### ###.#
######...# #...# ##..#
#@#.# #..# #O###
######..#


gg○ #.......# #gg.# ######..# #(..# #.†.##..### ##### #.......∩.#
###...#...####### #...(.......... You could see an ogre (confused) and 4
goblins.

Vanquished Creatures
  An adder (D:2)
  3 endoplasms
  2 giant cockroaches (D:2)
  4 goblins (D:3)
  5 hobgoblins
  2 jackals (D:2)
  2 quokkas (D:1)
  3 ball pythons
  5 bats
  A frilled lizard (D:1)
  3 kobolds
  2 rats
33 creatures vanquished.

Notes
Turn   | Place    | Note
-------+----------+-------------------------------------------
     0 | D:1      | Danakh the Demonspawn Hedge Wizard began the quest for the
                  | Orb.
     0 | D:1      | Reached XP level 1. HP: 13/13 MP: 4/4
   558 | D:1      | Gained mutation: You sometimes gain a little power by
                  | taking damage. [demonic ancestry]
   558 | D:1      | Reached XP level 2. HP: 20/20 MP: 0/6
   625 | D:1      | Found a faded altar of an unknown god.
   628 | D:1      | Became a worshipper of Uskayaw the Reveller
   628 | D:1      | Reached * piety under Uskayaw
   858 | D:1      | Reached ** piety under Uskayaw
  1303 | D:2      | Reached skill level 1 in Fighting
  1303 | D:2      | Reached XP level 3. HP: 26/26 MP: 0/7
  1310 | D:2      | Reached *** piety under Uskayaw
  1518 | D:2      | Learned a level 2 spell: Blink
  1522 | D:2      | Learned a level 3 spell: Mephitic Cloud
  1977 | D:3      | Found Zymod's Antique Weapon Emporium.
  2111 | D:3      | Noticed an ogre
  2138 | D:3      | Mangled by an ogre

Illustrated notes

Levels and vault maps discovered:
D:1:      minmay_arrival_three_doors, layout_loops_cross,
          hellmonk_ecumenical_altar_inner_sanctum
D:2:      layout_rooms, item_on_display_a
D:3:      layout_basic, serial_shops, shop, gammafunk_ghost_necromancy,
          grunt_decor_arrowhead, minivault_24, minmay_ogre_servants

Skill      XL: |  1  2 |
---------------+-------+-----
Dodging        | 2 |  2.3
Fighting       | 1 |  1.4
Stealth        | |  1.7
Spellcasting   | |  3.3
Conjurations   | |  1.8
Summonings     | |  1.0
Translocations | |  0.8

Action                   || total
-------------------------++-------
Melee: Dagger            ||    55
 Cast: Magic Dart        ||    63
       Mephitic Cloud    ||     1
 Stab: Paralysed         ||     1
Armor: Robe              ||    17
Dodge: Dodged            ||    30
